 Dungeon Crawl Stone Soup version 0.30-a0-159-g068b764562 (webtiles) character file.

Game seed: 13152803482549119584

9370 Monkooky the Dealer of Despair (level 11, -20/81 (86) HPs)
             Began as a Barachi Reaver on Sept 27, 2022.
             Was an Elder of Kikubaaqudgha.
             Demolished by porpoise's ghost (30 damage)
             ... on level 10 of the Dungeon.
             The game lasted 00:37:47 (14922 turns).

Monkooky the Dealer of Despair (Barachi Reaver)    Turns: 14922, Time: 00:37:47

HP:   -20/81 (86)   AC: 12    Str: 13    XL:     11   Next: 45%
MP:   16/28         EV: 13    Int: 18    God:    Kikubaaqudgha [****..]
Gold: 566           SH:  0    Dex: 11    Spells: 2/21 levels left

rFire   + . .      SeeInvis .    i - +2 whip (distort)
rCold   . . .      Faith    .    (no shield)
rNeg    . . .      Spirit   .    r - +3 leather armour
rPois   .          Reflect  .    s - +0 helmet
rElec   .          Harm     .    x - +0 cloak
rCorr   .          Rampage  .    L - +2 pair of gloves
Will    .....                    (no boots)
Stlth   +.........               (no amulet)
HPRegen 0.23/turn                p - ring of protection from fire
MPRegen 0.21/turn                J - ring of magical power

@: unable to hop, drained, slow
A: amphibious, slowness 1, strong legs 1, +LOS
a: Hop, Renounce Religion, Unearth Wretches


You were on level 10 of the Dungeon.
You worshipped Kikubaaqudgha.
Kikubaaqudgha was greatly pleased with you.
You visited 1 branch of the dungeon, and saw 10 of its levels.

You collected 566 gold pieces.

Inventory:

Hand Weapons
 a - a +0 mace
 i - a +2 whip of distortion (weapon)
 o - a +1 whip of electrocution
 F - a +2 flail
Missiles
 n - a throwing net
Armour
 b - a +0 leather armour
 r - a +3 leather armour (worn)
 s - a +0 helmet (worn)
 x - a +0 cloak (worn)
 C - a +1 pair of gloves
 I - the +1 robe of Utomut {Dex+4}
   (You found it on level 10 of the Dungeon)

   Dex:       It affects your dexterity (+4).
 K - a +2 robe of willpower
 L - a +2 pair of gloves (worn)
Magical Staves
 w - a staff of conjuration
Jewellery
 p - a ring of protection from fire (left hand)
 J - a ring of magical power (right hand)
Wands
 k - a wand of polymorph (3)
 v - a wand of flame (11)
 B - a wand of paralysis (3)
Scrolls
 d - a scroll of fear
 e - 3 scrolls of teleportation
 g - 2 scrolls of amnesia
 l - 3 scrolls of enchant weapon {unknown}
 m - 3 scrolls of magic mapping
 u - 2 scrolls of blinking
 y - 5 scrolls of enchant armour {unknown}
 E - a scroll of immolation {unknown}
Potions
 c - 4 potions of flight
 f - 4 potions of lignification
 h - 2 potions of mutation {unknown}
 j - a potion of ambrosia {unknown}
 q - a potion of attraction {unknown}
 t - 4 potions of brilliance
 z - 2 potions of heal wounds {unknown}
 A - a potion of degeneration {unknown}
 D - 3 potions of curing
 G - a potion of resistance {unknown}
 M - 2 potions of magic {unknown}
Miscellaneous
 H - a phantom mirror


   Skills:
 - Level 8.0 Fighting
 + Level 7.0 Maces & Flails
 - Level 5.1 Armour
 - Level 5.3 Dodging
 - Level 5.8 Spellcasting
 - Level 3.8 Conjurations
 - Level 9.9 Necromancy
 - Level 0.3 Fire Magic
 - Level 7.0 Earth Magic


You had 2 spell levels left.
You knew the following spells:

 Your Spells              Type           Power      Damage    Failure   Level
a - Kiss of Death         Conj/Necr      100%       2d13      1%          1
b - Dispel Undead         Necr           40%        3d16      2%          4
c - Vampiric Draining     Necr           40%        2d8       1%          3
d - Sublimation of Blood  Necr           40%        N/A       1%          2
e - Animate Dead          Necr           40%        N/A       2%          4
f - Borgnjor's Vile Clut  Necr/Erth      17%        N/A       13%         5

Your spell library contained the following spells:

 Spells                   Type           Power      Damage    Failure   Level
 Necrotise                Necr           100%       1d9       1%          1
 Volcanic Tap             Conj/Fire/Erth 36%        3d10      4%          2
 Summon Small Mammal      Summ           20%        N/A       16%         1
 Ensorcelled Hibernation  Hex/Ice        10%        N/A       22%         2
 Wereblood                Tmut           5%         N/A       22%         2
 Agony                    Necr           40%        N/A       7%          5
 Hailstorm                Conj/Ice       12%        3d5       21%         3
 Anguish                  Hex/Necr       11%        N/A       21%         4
 Death Channel            Necr           20%        N/A       36%         6
 Call Canine Familiar     Summ           5%         N/A       41%         3
 Confusing Touch          Hex            5%         N/A       41%         3
 Portal Projectile        Hex/Tloc       10%        N/A       41%         3
 Spider Form              Tmut/Pois      5%         N/A       41%         3
 Summon Guardian Golem    Hex/Summ       5%         N/A       41%         3
 Tukima's Dance           Hex            5%         N/A       41%         3
 Simulacrum               Ice/Necr       11%        N/A       97%         6
 Blade Hands              Tmut           2%         N/A       99%         5
 Summon Hydra             Summ           2%         N/A       100%        7


Dungeon Overview and Level Annotations

Branches:
Dungeon (10/15)            Temple (0/1) D:4            Lair (0/5) D:9
    Orc (0/2) D:10

Altars:
Cheibriados
Kikubaaqudgha
Uskayaw
Vehumet

Annotations:
D:8 exclusion: downstairs
D:10 porpoise's ghost, novice TrWr


Innate Abilities, Weirdness & Mutations

You are amphibious.
You cover ground slowly.
You can hop short distances.
You have an extended range of vision and can be seen from far away.


Message History

Your orc zombie misses porpoise's ghost.
Casting: Dispel Undead (dangerous; 2% risk of failure)
Confirm with . or Enter, or press ? or * to list all spells.
Okay, then.
Hop to where?
Press: ? - help, Dir - move target, p - porpoise's ghost Boing!
Your orc zombie barely misses porpoise's ghost.
Your orc priest zombie hits porpoise's ghost but does no damage.
Porpoise's ghost hits your orc zombie!!
Your orc zombie is destroyed!
Unknown command.
Press: ? - help, v - describe, . - travel
Here: porpoise's ghost (heavily damaged, ally target)
The floor.
Porpoise's ghost hits your orc zombie!!
Your orc zombie is destroyed!
Your orc priest zombie barely misses porpoise's ghost.
Your orc wizard zombie hits porpoise's ghost but does no damage.
Your magical contamination has completely faded away.
Porpoise's ghost attacks as you move away!
Porpoise's ghost hits you!
* * * LOW HITPOINT WARNING * * *
Unknown command.
Casting: Dispel Undead (dangerous; 2% risk of failure)
Confirm with . or Enter, or press ? or * to list all spells.
Aiming: Dispel Undead (dangerous; 2% risk of failure)
Press: ? - help, Shift-Dir - straight line, f - porpoise's ghost
Aim: porpoise's ghost (water, moderately damaged, 100% to hit)
Porpoise's ghost is dispelled!!
Porpoise's ghost hits you but does no damage.
Unknown command.
Casting: Dispel Undead (dangerous; 2% risk of failure)
Confirm with . or Enter, or press ? or * to list all spells.
Aiming: Dispel Undead (dangerous; 2% risk of failure)
Press: ? - help, Shift-Dir - straight line, f/p - porpoise's ghost
Aim: porpoise's ghost (water, severely damaged, 100% to hit)
Porpoise's ghost is dispelled!!
Porpoise's ghost hits you!!
You die...
Kikubaaqudgha rasps: "You have failed me!
Welcome... death!"

.......#####.Z.###...## ####Z#
#......# ##...W....# #Z#
#......# ##.......# #Z#
######## ####....# #.#
#....##### #Z.
#################.....#######.
#.............................
#.≈≈≈≈≈≈≈≈≈≈≈≈≈≈≈≈≈≈≈≈≈≈≈≈≈≈8.
#.≈≈≈≈≈≈≈≈≈≈≈@W≈≈≈≈≈≈≈≈≈≈≈≈8≈.
#.≈≈#####################).≈≈.
#.≈≈#)≈............Z)ZZZZ#.≈≈.
#.≈≈###.............Z.)ZZ##≈≈.
##.≈≈#>.........8.....)Z.......
#..≈≈###...).........)Z...##≈≈.
#..≈≈#)≈.................)#.≈≈.
#..≈≈#####################'.≈≈.
#..≈≈≈≈≈≈≈≈≈≈≈≈≈≈≈≈≈≈≈≈≈≈≈≈≈8≈.


You could see porpoise's ghost.

Vanquished Creatures
  Harold (D:9)
  Erica (D:10)
  A boulder beetle (D:9)
  Joseph (D:10)
  An unseen horror (D:10)
  Psyche (D:10)
  A hornet (D:10)
  A troll (D:9)
  3 wyverns
  2 wraiths (D:10)
  A yak (D:8)
  Grum (D:10)
  A water moccasin (D:8)
  5 orc warriors
  An ice beast (D:5)
  A black bear (D:9)
  A sky beast (D:7)
  An ogre (D:4)
  3 wolves (D:10)
  A centaur (D:9)
  2 bullfrogs
  A kobold brigand (D:9)
  3 necrophages
  4 scorpions
  15 wights
  17 killer bees
  2 electric eels (D:10)
  6 howler monkeys
  6 orc priests
  A gnoll bouda (D:7)
  4 hounds
  6 iguanas
  7 orc wizards
  5 gnolls (D:7)
  3 adders
  A shadow imp (D:7)
  3 white imps
  An ufetubus (D:6)
  2 worms
  3 dart slugs
  26 orcs
  4 ball pythons
  4 endoplasms
  3 giant cockroaches
  4 goblins
  5 hobgoblins
  3 jackals
  4 bats
  3 frilled lizards
  18 kobolds
  2 rats
197 creatures vanquished.

Vanquished Creatures (collateral kills)
  An orc warrior (D:10)
  A kobold brigand (D:7)
  A bullfrog (D:9)
  2 wights (D:7)
  4 killer bees (D:7)
  3 howler monkeys
  An orc wizard (D:10)
  4 orcs (D:10)
  A kobold (D:7)
18 creatures vanquished.

Vanquished Creatures (others)
  An unseen horror zombie (D:10)
  2 necrophages
  A wyvern zombie (D:10)
  A jelly (D:6)
  A hound (D:6)
  2 killer bee zombies (D:7)
  2 howler monkey zombies
  7 adders
  2 worms
  A dart slug (D:2)
  5 orcs
  2 endoplasms
  3 giant cockroaches
  5 goblins
  A jackal (D:3)
  3 quokkas
  A ball python (D:2)
  2 bats (D:2)
  3 kobolds
  6 kobold zombies (D:9)
  15 orc zombies (D:10)
  2 rats
  15 fungi (D:9)
  20 plants (D:9)
103 creatures vanquished.

Grand Total: 318 creatures vanquished

Notes
Turn   | Place    | Note
-------+----------+-------------------------------------------
     0 | D:1      | Monkooky the Barachi Reaver began the quest for the Orb.
     0 | D:1      | Reached XP level 1. HP: 17/17 MP: 3/3
   124 | D:1      | Reached XP level 2. HP: 8/20 MP: 3/5
   128 | D:1      | Learned a level 2 spell: Volcanic Tap
   446 | D:1      | Found a faded altar of an unknown god.
   456 | D:1      | Prayed at the altar of an unknown god.
   456 | D:1      | Became a worshipper of Kikubaaqudgha
   456 | D:1      | Reached * piety under Kikubaaqudgha
   456 | D:1      | Received a gift from Kikubaaqudgha
   758 | D:1      | Reached skill level 1 in Necromancy
  1124 | D:1      | Reached XP level 3. HP: 21/28 MP: 1/6
  1564 | D:2      | Learned a level 3 spell: Vampiric Draining
  2461 | D:3      | Reached skill level 2 in Necromancy
  3209 | D:3      | Reached XP level 4. HP: 34/34 MP: 4/7
  3783 | D:4      | Found a staircase to the Ecumenical Temple.
  3943 | D:4      | Noticed an ogre
  3953 | D:4      | Killed an ogre
  3954 | D:4      | Reached skill level 3 in Necromancy
  3954 | D:4      | Reached XP level 5. HP: 6/39 MP: 1/8
  4557 | D:4      | Reached skill level 4 in Necromancy
  4646 | D:4      | Reached ** piety under Kikubaaqudgha
  4653 | D:4      | Reached XP level 6. HP: 46/46 MP: 6/9
  4845 | D:4      | Reached skill level 5 in Necromancy
  4930 | D:4      | Learned a level 2 spell: Sublimation of Blood
  5047 | D:5      | Entered Level 5 of the Dungeon
  5340 | D:5      | Reached skill level 6 in Necromancy
  5340 | D:5      | Reached XP level 7. HP: 42/51 MP: 10/10
  5811 | D:5      | Found an ancient bone altar of Kikubaaqudgha.
  6117 | D:6      | Reached skill level 7 in Necromancy
  6782 | D:6      | Reached XP level 8. HP: 50/57 MP: 8/11
  6889 | D:6      | Reached skill level 5 in Maces & Flails
  7722 | D:7      | Learned a level 4 spell: Animate Dead
  8000 | D:7      | Reached *** piety under Kikubaaqudgha
  8000 | D:7      | Received a gift from Kikubaaqudgha
  8455 | D:6      | Learned a level 4 spell: Dispel Undead
  8766 | D:7      | Reached skill level 8 in Necromancy
  8766 | D:7      | Reached XP level 9. HP: 60/62 MP: 5/14
  9223 | D:7      | Reached skill level 9 in Necromancy
 10197 | D:8      | Found a radiant altar of Vehumet.
 10290 | D:8      | Found a hide-covered altar of Uskayaw.
 10312 | D:8      | Reached skill level 5 in Spellcasting
 10998 | D:8      | Learned a level 5 spell: Borgnjor's Vile Clutch
 11053 | D:9      | Noticed Harold
 11062 | D:8      | Reached **** piety under Kikubaaqudgha
 11063 | D:8      | Reached XP level 10. HP: 53/68 MP: 14/18
 11527 | D:9      | Reached skill level 5 in Earth Magic
 12016 | D:9      | Noticed a boulder beetle
 12036 | D:9      | Killed Harold
 12076 | D:9      | Killed a boulder beetle
 12254 | D:9      | Found a snail-covered altar of Cheibriados.
 12412 | D:9      | Found a staircase to the Lair.
 12591 | D:10     | Entered Level 10 of the Dungeon
 13023 | D:10     | Found a runed translucent door.
 13023 | D:10     | Noticed porpoise's ghost (novice TrWr)
 13054 | D:10     | Reached skill level 5 in Fighting
 13079 | D:10     | Identified the +1 robe of Utomut {Dex+4}
 13199 | D:10     | Noticed Grum
 13211 | D:10     | Killed Grum
 13212 | D:10     | Reached XP level 11. HP: 78/81 MP: 9/19
 13446 | D:10     | Noticed Psyche
 13575 | D:10     | Killed Psyche
 13738 | D:10     | Found a staircase to the Orcish Mines.
 13975 | D:10     | Noticed Erica
 13994 | D:10     | Killed Erica
 13995 | D:10     | Reached skill level 5 in Dodging
 14399 | D:10     | Noticed Joseph
 14409 | D:10     | Killed Joseph
 14410 | D:10     | Reached skill level 5 in Armour
 14922 | D:10     | Demolished by porpoise's ghost

Illustrated notes

Levels and vault maps discovered:
D:1:      dpeg_arrival_boxorama, layout_basic,
          shapermc_ecumenical_altar_mp_ritualfount, serial_forest,
          infiniplex_forest_straight_2, infiniplex_forest_lined_2,
          infiniplex_forest_clump_small, infiniplex_forest_lined_2, st_stairs_7
D:2:      layout_basic, minivault_14, kennysheep_crisscross, dk_noncrumbling_4
D:3:      layout_rooms, minmay_fractal_squares_5
D:4:      layout_basic, temple_statues
D:5:      layout_loops_cross, mainiacjoe_overflow_six_doors_small,
          nicolae_elevator_lobby_plus
D:6:      layout_basic, serial_co_window_serial, co_window_paths_a,
          co_window_corner_a, co_window_corner_a, co_window_corner_a,
          co_window_of_opportunity_a, co_window_corner_cb, co_window_broadway_b,
          co_window_2corner, co_window_unsneaky_path_b, co_window_broadway_a,
          co_window_2corner, co_window_unsneaky_path_b, glass_columns_a
D:7:      layout_layer_cave
D:8:      layout_layer_cave, old_standard_altar, nicolae_vehumet_altar_sigil
D:9:      layout_basic, marbit_many_paths, grunt_lair_entry_orc_guard_hut,
          roderic_serpentine_path, chequers_serial_rivers_micro_e, uniq_harold
D:10:     layout_basic, erik_orc_2, hellmonk_ghost_happy_afterlife, uniq_psyche,
          uniq_grum, uniq_erica, uniq_joseph

Skill      XL: |  1  2  3  4  5  6  7  8  9 10 11 |
---------------+----------------------------------+-----
Necromancy     | 1 2 3 4 6 7 8 9 |  9.9
Maces & Flails | 6 7 |  7.0
Spellcasting   | 3 5 |  5.8
Earth Magic    | 2 7 |  7.0
Fighting       | 5 8 |  8.0
Armour         | 3 5 |  5.1
Dodging        | 4 5 |  5.3
Conjurations   | |  3.8
Fire Magic     | |  0.3

Action                   |  1- 3 |  4- 6 |  7- 9 | 10-12 || total
-------------------------+-------+-------+-------+-------++-------
Melee: Mace              |   105 |       |       |       ||   105
       Whip              |    22 |    94 |   286 |   132 ||   534
       Punch             |       |       |     4 |     3 ||     7
       Unarmed           |       |       |       |    23 ||    23
 Cast: Kiss of Death     |     1 |     1 |     1 |     1 ||     4
       Volcanic Tap      |    38 |    19 |    11 |       ||    68
       Vampiric Draining |       |       |    34 |    26 ||    60
       Dispel Undead     |       |       |    10 |     9 ||    19
       Animate Dead      |       |       |     2 |     6 ||     8
       Borgnjor's Vile C |       |       |       |    18 ||    18
       Sublimation of Bl |       |       |       |     2 ||     2
 Abil: Hop               |       |       |     3 |     4 ||     7
Evoke: Wand              |       |       |       |     2 ||     2
  Use: Scroll            |       |       |     8 |     1 ||     9
       Potion            |       |       |     1 |     3 ||     4
 Stab: Distracted        |       |       |     1 |     1 ||     2
       Confused          |       |       |       |     5 ||     5
Armor: Leather armour    |    39 |    39 |   148 |    83 ||   309
       Skin              |       |       |       |    28 ||    28
Dodge: Dodged            |   100 |    70 |   182 |    93 ||   445

Table legend: (Time is in decaauts)
 A = Elapsed time spent in this place.
 B = Non-inter-level travel time spent in this place.
 C = Inter-level travel time spent in this place.
 D = Time resting spent in this place.
 E = Time spent auto-exploring this place.
 F = Levels seen in this place.
 G = Mean time per level.
                   A        B        C        D        E       F      G
               +--------+--------+--------+--------+--------+-----+--------+
         Total |  16281 |  15842 |    439 |   2224 |  11405 |  10 | 1628.1 |
       Dungeon |  16281 |  15842 |    439 |   2224 |  11405 |  10 | 1628.1 |
               +--------+--------+--------+--------+--------+-----+--------+

Top non-repeatable levels by time:
     D:7: 2626 daAuts
    D:10: 2352 daAuts
     D:6: 1877 daAuts
     D:9: 1604 daAuts
     D:1: 1495 daAuts
     D:4: 1457 daAuts
     D:2: 1356 daAuts
     D:3: 1233 daAuts
     D:8: 1177 daAuts
     D:5: 1101 daAuts
